 Dungeon Crawl Stone Soup version 0.29.0-4-gdea44cf6ec (webtiles) character file.

Game seed: 15618638317221375949

11 qw the Chopper (level 2, -1/17 HPs)
             Began as a Tengu Warper on Aug 28, 2022.
             Slain by a worm (6 damage)
             ... on level 2 of the Dungeon.
             The game lasted 00:00:05 (1090 turns).

qw the Chopper (Tengu Warper)                       Turns: 1090, Time: 00:00:05

Health: -1/17      AC:  5    Str:  9 (11) XL:     2   Next: 29%
Magic:  6/6        EV: 10    Int: 10 (13) God:
Gold:   39         SH:  0    Dex: 11 (13) Spells: 5/5 levels left

rFire   . . .      SeeInvis .   Y - +0 war axe
rCold   . . .      Faith    .   (no shield)
rNeg    . . .      Spirit   .   h - +0 ring mail
rPois   .          Reflect  .   (helmet restricted)
rElec   .          Harm     .   (no cloak)
rCorr   .          Rampage  .   (no gloves)
Will    .....                   (boots unavailable)
Stlth   +.........              (no amulet)
HPRegen 0.05/turn               (no ring)
MPRegen 0.10/turn               (no ring)

@: no status effects
A: beak, talons 3
a: no special abilities


You were on level 2 of the Dungeon.
You visited 1 branch of the dungeon, and saw 2 of its levels.

You collected 39 gold pieces.


Innate Abilities, Weirdness & Mutations

You have a beak for a mouth.
You have claws for feet.


   Skills:
 - Level 2.0 Fighting
 + Level 3.2 Axes
 - Level 1.0 Throwing
 - Level 1.1 Armour
 - Level 2.1 Dodging
 - Level 2.0 Spellcasting
 - Level 2.4 Translocations


You had 5 spell levels left.
You didn't know any spells.
Your spell library contained the following spells:

 Spells                   Type           Power      Damage    Failure   Level
 Blink                    Tloc           10%        N/A       45%         2
 Gell's Gravitas          Tloc           5%         N/A       69%         3
 Lesser Beckoning         Tloc           5%         N/A       69%         3
 Teleport Other           Tloc           5%         N/A       69%         3
 Manifold Assault         Tloc           5%         N/A       100%        5

Inventory:

Hand Weapons
 a - a +3 demon whip of venom
 Y - a +0 war axe (weapon)
Armour
 h - a +0 ring mail (worn)
Potions
 b - a potion of mutation {unknown}
 f - a potion of heal wounds
 k - a potion of curing {unknown}

Dungeon Overview and Level Annotations

Branches:
Dungeon (2/15)

Altars:

Shops:
D:1 !


Message History

Found 6 stones.
There is a stone staircase leading up here.
A hobgoblin is nearby!
Existing waypoints: (2) D:1 Assign waypoint to what number? (0-9, D - delete waypoint) Waypoint 1 assigned to D:2.
You hit the hobgoblin. Your kick misses the hobgoblin.
The hobgoblin is almost dead.
The hobgoblin hits you but does no damage.
You hit the hobgoblin.
You kill the hobgoblin!
You see here a hobgoblin corpse.
b - a glowing golden potion
Found a short sword.
Found a pair of boots.
A bat comes into view.
The bat moves out of view.
A worm comes into view.
You hit the worm but do no damage. You claw the worm, but do no damage.
The worm barely misses you.
You hit the worm. Your kick misses the worm.
The worm is lightly wounded.
The worm bites you.
You hit the worm. Your peck misses the worm.
The worm is moderately wounded.
The worm bites you.
You hit the worm.
The worm is moderately wounded.
You hit the worm but do no damage.
The worm is moderately wounded.
The worm bites you.
You hit the worm.
The worm is moderately wounded.
The worm bites you.
You barely miss the worm. Your kick misses the worm.
The worm is lightly wounded.
An endoplasm comes into view.
The worm bites you.
You die...

##### # #...# #####
#...# ....# #...#
###.############...#
#................#
################@..#
....#
......w.......J
###....
######...)..... .. .
....^#..#. .#..
###..[...# .# ...
.##..#..# .# .. .
.## .# .# . . .# .#


You could see a worm and an endoplasm (wandering).

Vanquished Creatures
  A dart slug (D:1)
  A bat (D:1)
  A giant cockroach (D:1)
  A goblin (D:1)
  A hobgoblin (D:2)
  A quokka (D:1)
  A frilled lizard (D:1)
  A kobold (D:1)
  A rat (D:1)
9 creatures vanquished.

Notes
Turn   | Place    | Note
-------+----------+-------------------------------------------
     0 | D:1      | qw the Tengu Warper began the quest for the Orb.
     0 | D:1      | Reached XP level 1. HP: 12/12 MP: 4/4
     0 | D:1      | 0 ||| qw: Version: 0.1-a-89-g26bdef1
     0 | D:1      | 0 ||| qw: Game counter: 2299
     0 | D:1      | 0 ||| qw: Always use a shield: true
     0 | D:1      | 0 ||| qw: God list: Okawaru
     0 | D:1      | 0 ||| qw: Allow faded altars: false
     0 | D:1      | 0 ||| qw: Do Orc after D:15 true
     0 | D:1      | 0 ||| qw: Do second Lair branch before Depths: true
     0 | D:1      | 0 ||| qw: Lair rune preference: random
     0 | D:1      | 0 ||| qw: Plans: Normal
     0 | D:1      | 0 ||| PLANNING D:1-11
   164 | D:1      | Found Wopnuoh's Distillery.
   170 | D:1      | 170 ||| SHOPLISTING potion of curing (33 gold, have 4).
   170 | D:1      | 170 ||| SHOPLISTING potion of haste (110 gold, have 4).
   170 | D:1      | 170 ||| SHOPLISTING potion of might (44 gold, have 4).
   481 | D:1      | Reached XP level 2. HP: 11/17 MP: 6/6
   615 | D:1      | Reached skill level 3 in Axes
   688 | D:1      | Found a faded altar of an unknown god.
   858 | D:1      | 858 ||| SWAPPING to +0 war axe.
   904 | D:1      | 904 ||| DROPPING +0 hand axe.
  1018 | D:1      | 1018 ||| UPGRADING to +0 ring mail.
  1028 | D:1      | 1028 ||| DROPPING +0 leather armour.
  1029 | D:1      | 1029 ||| READING scroll labelled NIENOHOLIRPH.
  1030 | D:1      | 1030 ||| READING scroll labelled AROTWA HAUCULUEZ.
  1033 | D:1      | 1033 ||| READING scroll labelled ZUEGUI XYXA.
  1034 | D:1      | 1034 ||| READING scroll labelled SYXKAS VASO.
  1034 | D:1      | Identified a scroll of acquirement
  1034 | D:1      | 1034 ||| ACQUIRING +3 demon whip of venom
  1034 | D:1      | Acquired a +3 demon whip of venom
  1036 | D:1      | 1036 ||| DROPPING +0 club.
  1037 | D:1      | 1037 ||| DRINKING 2 murky purple potions.
  1038 | D:1      | 1038 ||| DRINKING 4 glowing sapphire potions.
  1039 | D:1      | 1039 ||| DROPPING scroll of blinking.
  1040 | D:1      | 1040 ||| DROPPING 3 potions of degeneration.
  1090 | D:2      | Slain by a worm

Levels and vault maps discovered:
D:1:      dpeg_arrival_pits, layout_basic, serial_shops, shop_statue,
          hellmonk_ecumenical_altar_inner_sanctum
D:2:      layout_rooms, minmay_misc_feat_iff

Skill      XL: |  1  2 |
---------------+-------+-----
Axes           | 3 |  3.2
Fighting       | |  2.0
Throwing       | |  1.0
Armour         | |  1.1
Dodging        | |  2.1
Spellcasting   | |  2.0
Translocations | |  2.4

Action                   || total
-------------------------++-------
Melee: Hand axe          ||    15
       Kick              ||     3
       Peck              ||     1
       War axe           ||    11
Throw: Boomerang         ||     7
  Use: Scroll            ||     4
       Potion            ||     2
Armor: Leather armour    ||     5
       Ring mail         ||     1
Dodge: Dodged            ||     5

Table legend:
 A = Non-vault XP
 B = Vault XP
 C = Vault XP percentage of total XP
 D = Non-vault monster count
 E = Vault monster count
 F = Vault count percentage of total count
                 A         B        C        D         E       F
            +---------+---------+-------+---------+---------+-------
      Total |      17 |       0 |   0.0 |       9 |       0 |   0.0
            +---------+---------+-------+---------+---------+-------
        D:1 |      15 |       0 |   0.0 |       8 |       0 |   0.0
        D:2 |       2 |       0 |   0.0 |       1 |       0 |   0.0
            +---------+---------+-------+---------+---------+-------
